 Dungeon Crawl Stone Soup version 0.26-a0-707-g31817bcca1 (webtiles) character file.

Game seed: 12260073282616012581

16827 jiml777 the Thaumaturge (level 12, 0/60 HPs)
             Began as a Deep Elf Air Elementalist on Oct 27, 2020.
             Was an Elder of Sif Muna.
             Hit by a stone thrown by a big kobold (1 damage)
             ... on level 12 of the Dungeon.
             The game lasted 01:55:08 (16534 turns).

jiml777 the Thaumaturge (DEAE)                     Turns: 16534, Time: 01:55:09

Health: 0/60       AC:  6    Str:  5    XL:     12   Next: 13%
Magic:  0/41       EV: 13    Int: 26    God:    Sif Muna [****..]
Gold:   808        SH:  0    Dex: 15    Spells: 9/40 levels left

rFire    . . .     SeeInvis .   J - staff of conjuration
rCold    + . .     Faith    .   (no shield)
rNeg     . . .     Spirit   +   M - +2 robe {rC+}
rPois    .         Reflect  .   (no helmet)
rElec    .         Harm     .   (no cloak)
rCorr    .         Rampage  .   p - +1 pair of gloves (curse)
MR       +....                  (no boots)
Stlth    +++.......             H - amulet of guardian spirit
HPRegen  0.20/turn              k - ring of wizardry
MPRegen  0.27/turn              i - ring of magical power

@: sluggish, hasted
A: no striking features
a: Channel Magic, Forget Spell, Divine Exegesis, Renounce Religion


You were on level 12 of the Dungeon.
You worshipped Sif Muna.
Sif Muna was greatly pleased with you.
You visited 3 branches of the dungeon, and saw 15 of its levels.

You collected 862 gold pieces.
You spent 54 gold pieces at shops.

Inventory:

Hand Weapons
 d - a +3 scimitar of flaming
 F - a +4 vampiric spear
 G - a +3 vampiric dagger
Missiles
 c - 95 poisoned darts (quivered)
 e - 8 atropa-tipped darts
Armour
 p - a cursed +1 pair of gloves (worn)
 v - a +1 robe of magic resistance
 M - a +2 robe of cold resistance (worn)
Magical Staves
 A - an uncursed staff of cold
 E - an uncursed staff of earth
 J - an uncursed staff of conjuration (weapon)
Jewellery
 h - a +4 ring of protection
 i - a ring of magical power (right hand)
 k - a ring of wizardry (left hand)
 q - an uncursed ring of stealth
 r - an uncursed ring of ice
 s - an uncursed ring of poison resistance
 w - an uncursed ring of protection from fire
 y - an uncursed amulet of the acrobat
 H - an amulet of guardian spirit (around neck)
Wands
 n - a wand of enslavement (11)
 B - a wand of random effects (41)
 I - a wand of flame (14)
Scrolls
 b - 2 scrolls of magic mapping
 f - 5 scrolls of teleportation
 g - 2 scrolls of fog
 l - 3 scrolls of immolation
 u - 3 scrolls of amnesia
 z - 2 scrolls of remove curse
Potions
 a - 2 potions of stabbing
 m - 2 potions of haste
 o - 2 potions of mutation
 t - 6 potions of resistance
 C - 3 potions of lignification
 D - 2 potions of berserk rage
 K - a potion of might
 L - a potion of brilliance


   Skills:
 + Level 0.5 Fighting
 - Level 3.2 Dodging
 - Level 3.7 Stealth
 + Level 14.5 Spellcasting
 * Level 5.7 Conjurations
 * Level 3.7 Hexes
 * Level 2.8 Translocations
 * Level 2.7 Fire Magic
 + Level 12.0 Air Magic
 * Level 2.7 Earth Magic
 * Level 7.6 Invocations
 * Level 2.9 Evocations


You had 9 spell levels left.
You knew the following spells:

 Your Spells              Type           Power        Failure   Level
a - Shock                 Conj/Air       ####         1%          1
b - Swiftness             Air            ######..     1%          2
c - Static Discharge      Conj/Air       #######.     1%          3
d - Airstrike             Air            ######....   1%          4
e - Lightning Bolt        Conj/Air       #######...   1%          5
f - Inner Flame           Hex/Fire       #####...     1%          3
g - Slow                  Hex            #####...     1%          2
h - Portal Projectile     Hex/Tloc       #####.       1%          3
i - Cause Fear            Hex            #####.....   2%          4
j - Leda's Liquefaction   Hex/Erth       #####.....   3%          4

Your spell library contained the following spells:

 Spells                   Type           Power        Failure   Level
 Corona                   Hex            #####..      1%          1


Dungeon Overview and Level Annotations

Branches:
Dungeon (13/15)            Temple (1/1) D:5            Lair (0/6) D:9
    Orc (1/2) D:10
 Vaults: D:13-14

Altars:
Ashenzari
Cheibriados
Dithmenos
Elyvilon
Gozag
Hepliaklqana
Kikubaaqudgha
Makhleb
Nemelex Xobeh
Okawaru
Qazlal
Ru
Sif Muna
Trog
Uskayaw
Vehumet
Wu Jian
Xom
Yredelemnul
Zin
The Shining One

Shops:
D:10 *

Annotations:
D:12 Snorg


Message History

The kobold throws a stone.
The stone hits you but does no damage.
Snorg goes berserk!
The kobold throws a stone.
The stone hits you but does no damage.
Number of times to repeat, then command key: You must enter the number of times for the command to repeat.
You feel sluggish.
Number of times to repeat, then command key: You must enter the number of times for the command to repeat.
You open the door.
You feel less invigorated.
The kobold throws a stone.
The stone misses you.
You hear a shout!
A kobold and a big kobold come into view.
Snorg bites you!
* * * LOW HITPOINT WARNING * * *
Snorg barely misses you. Snorg claws you.
There is an open door here.
Snorg bites you. Snorg barely misses you. Snorg claws you!
* * * LOW HITPOINT WARNING * * *
The big kobold throws a stone.
The stone hits you.
You die...

**,,,****,,,**###
**,,,**########(##
,,,,,,,.......(..#
,,,,,,,..........#
,,,,,,,.....)....#
,,,,,,,....oK....#
****,,*##...###.(#
*****+**#.KK###T####
,,,*,,,......K..@..#
,,,+,,,.)....K.....#
,,,*,,,,...........#
,,*,,***.##'####..##
********,*#.***#'##***
*,,,,,.,,,,...,,,*
*,,,,.,,,,,...,,,*
*,,,,,,,,,,...,,,*
*,,<,,,,,,<,,,,,,*


You could see Snorg (berserk), a big kobold and 3 kobolds.

Vanquished Creatures
  Josephine (D:11)
  A hydra (D:11)
  Erica (D:11)
  A death yak (D:11)
  A necromancer (D:12)
  An ugly thing (D:11)
  Joseph (D:7)
  3 trolls
  A hornet (D:10)
  3 centaur simulacra (D:11)
  2 flying skulls (D:12)
  10 yaks
  7 wraiths
  A shadow (D:12)
  2 wyverns
  Grum (D:11)
  A soldier ant (D:10)
  A water moccasin (D:8)
  Duvessa (D:7)
  7 ice beasts
  8 orc warriors
  A sky beast (D:5)
  A hornet zombie (D:6)
  A black bear (D:8)
  3 phantoms
  2 ogres
  2 wolves (D:11)
  6 centaurs
  A big kobold (D:11)
  11 bullfrogs
  A gnoll sergeant (D:8)
  Dowan (D:7)
  4 scorpions
  16 killer bees
  13 wights
  An electric eel (D:11)
  A howler monkey (D:4)
  A bullfrog zombie (D:10)
  3 centaur zombies
  A quasit (D:12)
  A wyvern simulacrum (D:11)
  11 hounds
  4 jellies
  2 centaur skeletons
  15 orc priests
  A gnoll shaman (D:7)
  17 orc wizards
  3 bullfrog skeletons
  An iguana (D:4)
  Terence (D:2)
  6 worker ants
  A bullfrog simulacrum (D:11)
  A hound zombie (D:6)
  2 hound skeletons
  A mummy (D:7)
  3 howler monkey zombies
  A worker ant zombie (D:8)
  15 gnolls
  12 adders
  2 shadow imps (D:5)
  8 white imps
  A worker ant simulacrum (D:11)
  5 ufetubi
  3 oozes
  2 adder skeletons
  4 worms
  3 dart slugs
  7 leopard geckos
  47 orcs
  5 giant cockroaches
  5 goblins
  4 hobgoblins
  16 jackals
  19 kobolds
  6 quokkas
  3 ball pythons
  6 bats
  8 frilled lizards
  2 hobgoblin zombies (D:7)
  A jackal skeleton (D:7)
  A kobold zombie (D:7)
  An orc zombie (D:7)
  A quokka skeleton (D:4)
  7 rats
390 creatures vanquished.

Notes
Turn   | Place    | Note
-------+----------+-------------------------------------------
     0 | D:1      | jiml777 the Deep Elf Air Elementalist began the quest for
                  | the Orb.
     0 | D:1      | Reached XP level 1. HP: 10/10 MP: 6/6
   184 | D:1      | Reached XP level 2. HP: 15/15 MP: 2/8
   889 | D:1      | Reached XP level 3. HP: 19/19 MP: 6/9
  1727 | D:2      | Learned a level 2 spell: Swiftness
  1731 | D:2      | Learned a level 3 spell: Static Discharge
  2004 | D:2      | Found a shimmering altar of Xom.
  2045 | D:2      | Noticed Terence
  2056 | D:2      | Killed Terence
  2056 | D:2      | Reached XP level 4. HP: 15/24 MP: 11/11
  3087 | D:3      | Noticed a phantom
  3114 | D:3      | Killed a phantom
  3114 | D:3      | Reached skill level 4 in Spellcasting
  3114 | D:3      | Reached XP level 5. HP: 20/28 MP: 13/13
  3120 | D:3      | Learned a level 4 spell: Airstrike
  3566 | D:3      | Reached XP level 6. HP: 33/33 MP: 15/15
  4004 | D:4      | Reached skill level 5 in Spellcasting
  4142 | D:4      | Reached skill level 5 in Air Magic
  4427 | D:4      | Reached XP level 7. HP: 37/37 MP: 5/17
  4493 | D:4      | Reached skill level 6 in Spellcasting
  4992 | D:4      | Found an opulent altar of Gozag.
  5097 | D:5      | Entered Level 5 of the Dungeon
  5285 | D:5      | Found a staircase to the Ecumenical Temple.
  5296 | Temple   | Entered the Ecumenical Temple
  5400 | Temple   | Became a worshipper of Sif Muna the Loreminder
  5635 | D:5      | Reached skill level 7 in Spellcasting
  6398 | D:5      | Reached XP level 8. HP: 42/42 MP: 20/21
  6576 | D:6      | Reached * piety under Sif Muna
  6590 | D:6      | Reached skill level 8 in Spellcasting
  7127 | D:6      | Reached skill level 9 in Spellcasting
  7322 | D:6      | Reached skill level 1 in Invocations
  7405 | D:6      | Learned a level 5 spell: Lightning Bolt
  7517 | D:6      | Reached ** piety under Sif Muna
  7807 | D:6      | Reached XP level 9. HP: 46/46 MP: 24/24
  8567 | D:7      | Found a basalt altar of Yredelemnul.
  8588 | D:7      | Noticed Dowan
  8591 | D:7      | Killed Dowan
  8591 | D:7      | Noticed Duvessa
  8595 | D:7      | Killed Duvessa
  8595 | D:7      | Reached skill level 10 in Spellcasting
  8872 | D:7      | Found an iron altar of Okawaru.
  9463 | D:7      | Found a white marble altar of Elyvilon.
  9660 | D:7      | Noticed Joseph
  9666 | D:7      | Killed Joseph
  9666 | D:7      | Reached skill level 11 in Spellcasting
 10012 | D:8      | Found an ancient bone altar of Kikubaaqudgha.
 10012 | D:8      | Found a broken altar of Ashenzari.
 10012 | D:8      | Found a stormy altar of Qazlal.
 10012 | D:8      | Found an ornate altar of the Wu Jian Council.
 10283 | D:8      | Found a hide-covered altar of Uskayaw.
 10283 | D:8      | Found a shadowy altar of Dithmenos.
 10331 | D:8      | Reached XP level 10. HP: 51/51 MP: 2/27
 10614 | D:8      | Reached skill level 10 in Air Magic
 10946 | D:8      | Reached *** piety under Sif Muna
 11043 | D:8      | Found a sparkling altar of Nemelex Xobeh.
 11082 | D:8      | Found a sacrificial altar of Ru.
 11260 | D:8      | Found a sparkling altar of Nemelex Xobeh.
 11263 | D:8      | Reached skill level 5 in Invocations
 11633 | D:9      | Reached skill level 12 in Spellcasting
 12642 | D:9      | Found a staircase to the Lair.
 12759 | D:10     | Entered Level 10 of the Dungeon
 13153 | D:10     | Reached skill level 13 in Spellcasting
 13361 | D:10     | Reached **** piety under Sif Muna
 13367 | D:10     | Reached XP level 11. HP: 54/55 MP: 10/30
 13741 | D:10     | Found Qusopaczir's Assorted Antiques.
 13749 | D:10     | Bought a metallic silvery potion for 27 gold pieces
 13749 | D:10     | Bought a black potion for 27 gold pieces
 14112 | D:10     | Found a staircase to the Orcish Mines.
 14168 | Orc:1    | Entered Level 1 of the Orcish Mines
 14945 | D:11     | Learned a level 3 spell: Inner Flame
 14948 | D:11     | Learned a level 2 spell: Slow
 14952 | D:11     | Learned a level 3 spell: Portal Projectile
 14957 | D:11     | Learned a level 4 spell: Cause Fear
 14962 | D:11     | Learned a level 4 spell: Leda's Liquefaction
 15084 | D:11     | Noticed Erica
 15132 | D:11     | Killed Erica
 15132 | D:11     | Reached skill level 1 in Hexes
 15132 | D:11     | Reached skill level 1 in Translocations
 15132 | D:11     | Reached skill level 1 in Fire Magic
 15132 | D:11     | Reached skill level 1 in Evocations
 15252 | D:11     | Noticed a five-headed hydra
 15258 | D:11     | Killed a five-headed hydra
 15258 | D:11     | Reached skill level 14 in Spellcasting
 15258 | D:11     | Reached skill level 5 in Conjurations
 15258 | D:11     | Reached skill level 1 in Earth Magic
 15431 | D:11     | Noticed Grum
 15435 | D:11     | Killed Grum
 15483 | D:11     | Noticed a green ugly thing
 15577 | D:11     | Killed a green ugly thing
 15825 | D:11     | Noticed Josephine
 15833 | D:11     | Killed Josephine
 15976 | D:11     | Noticed a death yak
 15981 | D:11     | Killed a death yak
 16119 | D:11     | Got a shimmering flail
 16119 | D:11     | Identified the +6 flail "Gakhlakke" {drain, Fragile +Blink
                  | rN+ Stlth+} (You found it on level 11 of the Dungeon)
 16424 | D:11     | You fall into a shaft and drop 2 floors!
 16462 | D:12     | Reached XP level 12. HP: 22/60 MP: 1/32
 16502 | D:12     | HP: 2/60 [something (9)]
 16510 | D:12     | HP: 1/60 [wraith (2)]
 16521 | D:12     | Noticed Snorg
 16534 | D:12     | HP: 1/60 [Snorg (3)]
 16534 | D:12     | Hit by a stone thrown by a big kobold

Illustrated notes

Levels and vault maps discovered:
D:1:      matt_arrival_grand_opening, layout_basic
D:2:      layout_loops_cross, xom_teletrap_fun, uniq_terence
D:3:      layout_basic, minmay_joined_circles
D:4:      layout_cave_pools, grunt_gozag_breadcrumbs
D:5:      layout_basic, temple_statues, guppyfry_early_orc_mine
D:6:      layout_basic, minmay_pentangle
D:7:      layout_cave_pods, kennysheep_ying_yang, okawaru_trees_1,
          minmay_mini_ossuary, uniq_joseph, uniq_duvessa
D:8:      layout_cave_pools, kennysheep_little_box, nicolae_ru_awakened_eye,
          grunt_temple_overflow_open, nemelex_spade_bored_becter
D:9:      layout_basic, lair_entry_dummy
D:10:     layout_grid_maze, orc_0_dummy, serial_shops, shop_fountains
D:11:     layout_roguey, serial_ice, serial_ice_n, serial_ice_m, serial_ice_i,
          serial_ice_h, serial_ice_d, serial_ice_o, uniq_josephine, uniq_grum,
          uniq_erica
D:12:     hangedman_screamer, layout_gridville, serial_shops, shop,
          grunt_decor_cap, uniq_snorg
D:13:     layout_stronghold, serial_column_ruins, column_ruins_hut,
          column_ruins_temple_circle, column_ruins_grid_1, column_ruins_grid_1,
          column_ruins_grid_3, column_ruins_open_tiny, serial_shops, shop,
          item_on_display_b
Temple:   nicolae_temple_figure_zero
Orc:1:    layout_caves, elf_legates

Skill      XL: |  1  2  3  4  5  6  7  8  9 10 11 |
---------------+----------------------------------+-----
Air Magic      | 4 5 6 8 9 11 12 | 12.0
Conjurations   | 2 3 4 5 |  5.7
Stealth        | 3 |  3.7
Spellcasting   | 4 5 7 9 11 13 14 | 14.5
Invocations    | 1 4 6 7 |  7.6
Dodging        | 3 |  3.2
Hexes          | 3 |  3.7
Translocations | 2 |  2.8
Fire Magic     | 2 |  2.7
Evocations     | 2 |  2.9
Earth Magic    | 2 |  2.7
Fighting       | |  0.5

Action                   |  1- 3 |  4- 6 |  7- 9 | 10-12 || total
-------------------------+-------+-------+-------+-------++-------
Melee: Unarmed           |       |     1 |       |       ||     1
       Staff             |       |       |       |     5 ||     5
 Cast: Shock             |    81 |   107 |    39 |    27 ||   254
       Swiftness         |     1 |       |       |     2 ||     3
       Airstrike         |       |     8 |   163 |   229 ||   400
       Lightning Bolt    |       |       |     6 |    48 ||    54
       Slow              |       |       |       |     4 ||     4
       Inner Flame       |       |       |       |     1 ||     1
Invok: Channel Magic     |       |       |     3 |    15 ||    18
  Use: Potion            |     1 |       |       |     6 ||     7
       Scroll            |       |       |    18 |    10 ||    28
Armor: Robe              |     8 |     9 |     2 |    12 ||    31
Dodge: Dodged            |    17 |    31 |    38 |    61 ||   147

Table legend: (Time is in decaauts)
 A = Elapsed time spent in this place.
 B = Non-inter-level travel time spent in this place.
 C = Inter-level travel time spent in this place.
 D = Time resting spent in this place.
 E = Time spent auto-exploring this place.
 F = Levels seen in this place.
 G = Mean time per level.
                   A        B        C        D        E       F      G
               +--------+--------+--------+--------+--------+-----+--------+
         Total |  16527 |  16331 |    196 |   7813 |   5559 |  15 | 1101.8 |
       Dungeon |  16389 |  16205 |    184 |   7807 |   5482 |  13 | 1260.7 |
        Temple |    116 |    104 |     12 |      0 |     77 |   1 |  116.0 |
  Orcish Mines |     21 |     21 |      0 |      6 |      0 |   1 |   21.0 |
               +--------+--------+--------+--------+--------+-----+--------+

Top non-repeatable levels by time:
     D:7: 1912 daAuts
    D:10: 1874 daAuts
    D:11: 1771 daAuts
     D:6: 1666 daAuts
     D:3: 1490 daAuts
     D:5: 1359 daAuts
     D:9: 1336 daAuts
     D:2: 1291 daAuts
     D:8: 1265 daAuts
     D:1: 1204 daAuts
     D:4: 1101 daAuts
  Temple: 116 daAuts
    D:12: 108 daAuts
   Orc:1: 21 daAuts
    D:13: 6 daAuts
